 Dungeon Crawl Stone Soup version 0.31-a0-851-g7ff8af7976 (webtiles) character file.

Game seed: 10056599449242521954

21338 D12ThenQuit the Covert (level 13, 91/91 HPs)
             Began as a Kobold Summoner on Oct 5, 2023.
             Was an Elder of Ashenzari.
             Got out of the dungeon alive.
             The game lasted 00:46:26 (15819 turns).

D12ThenQuit the Covert (Kobold Summoner)           Turns: 15819, Time: 00:46:26

Health: 91/91      AC:  8    Str:  6    XL:     13   Next: 19%
Magic:  19/19      EV: 31    Int: 16    God:    Ashenzari [****..]
Gold:   308        SH:  0    Dex: 20    Spells: 9/20 levels left

rFire   + . .        f - +2 short sword of the Soothsayer {drain, Self, Alch} (curse)
rCold   + . .        (no shield)
rNeg    . . .        L - +2 robe "Revealing Oracle" {rC+ rF+, Bglg, Melee} (curse)
rPois   .            x - +0 helmet "Circumscribed Secrets" {Bglg, Self} (curse)
rElec   .            (no cloak)
rCorr   .            d - +0 pair of gloves "Ruined Unpleasantness" {Cun, Range} (curse)
SInv    +            g - +0 pair of boots of the Eternal Portent {Comp, Fort} (curse)
Will    .....        i - amulet of the acrobat
Stlth   +++++++      S - ring of Ashenzari's Secrets {EV+5, Range, Melee} (curse)
HPRegen 0.35/turn    (no ring)
MPRegen 0.16/turn

%: acrobat, clarity
@: no status effects
A: small, no large weapons, nightstalker 3
a: Renounce Religion, Curse Item, Shatter the Chains


You escaped.
You worshipped Ashenzari.
Ashenzari was greatly pleased with you.
You visited 2 branches of the dungeon, and saw 13 of its levels.
You also visited: Bailey.

You collected 826 gold pieces.
You spent 518 gold pieces at shops.

Inventory:

Hand Weapons
 e - a +0 dagger
 f - the cursed +2 short sword of the Soothsayer (weapon) {drain, Self, Alch}
   (You took it off a kobold on level 1 of the Dungeon)

   It has a curse which improves the following skills: Introspection: Fighting
   and Spellcasting.
   Alchemy:   Poison Magic and Transmutations.
 w - a +2 short sword of speed
Missiles
 q - 46 poisoned darts (quivered)
 J - a throwing net
Armour
 a - a +0 robe
 d - the cursed +0 pair of gloves "Ruined Unpleasantness" (worn) {Cun, Range}
   (You found it on level 1 of the Dungeon)

   It has a curse which improves the following skills: Cunning: Dodging and
   Stealth.
   Ranged Combat: Ranged Weapons and Throwing.
 g - the cursed +0 pair of boots of the Eternal Portent (worn) {Comp, Fort}
   (You found it on level 1 of the Dungeon)

   It has a curse which improves the following skills: Companions: Summonings
   and Necromancy.
   Fortitude: Armour and Shields.
 x - the cursed +0 helmet "Circumscribed Secrets" (worn) {Bglg, Self}
   (You took it off Robin on level 4 of the Dungeon)

   It has a curse which improves the following skills: Beguiling: Conjurations,
   Hexes and Translocations.
   Introspection: Fighting and Spellcasting.
 y - a +2 ring mail of fire resistance
 B - a +2 leather armour of cold resistance
 H - an orb of wrath
 L - the cursed +2 robe "Revealing Oracle" (worn) {rC+ rF+, Bglg, Melee}
   (You took it off an orc wizard on level 7 of the Dungeon)

   It has a curse which improves the following skills: Beguiling: Conjurations,
   Hexes and Translocations.
   Melee Combat: Short Blades, Long Blades, Axes, Maces & Flails, Polearms,
   Staves and Unarmed Combat.
Magical Staves
 j - a staff of earth
Jewellery
 i - an amulet of the acrobat (around neck)
 z - the amulet "Kaij" {Faith Str+5}
   (You took it off a vampire on level 11 of the Dungeon)

   [amulet of faith]

   Faith:     It allows you to gain divine favour quickly.
   Str+5:     It affects your strength (+5).
 S - the cursed ring of Ashenzari's Secrets (left hand) {EV+5, Range, Melee}
   (You bought it in a shop on level 8 of the Dungeon)

   [ring of evasion]

   EV+5:      It affects your evasion (+5).
   It has a curse which improves the following skills: Ranged Combat: Ranged
   Weapons and Throwing.
   Melee Combat: Short Blades, Long Blades, Axes, Maces & Flails, Polearms,
   Staves and Unarmed Combat.
Wands
 u - a wand of flame (43)
 Q - a wand of roots (5)
 R - a wand of digging (1)
 T - a wand of light (7)
Scrolls
 k - a scroll of amnesia
 l - 3 scrolls of fear
 o - 2 scrolls of blinking
 p - 3 scrolls of revelation
 r - 11 scrolls of identify
 s - a scroll of vulnerability
 t - a scroll of fog
 v - 7 scrolls of enchant weapon
 D - a scroll of poison
 E - a scroll of brand weapon
 F - a scroll of silence
 G - 6 scrolls of teleportation
 P - 11 scrolls of enchant armour
Potions
 b - 5 potions of magic
 c - a potion of haste
 h - a potion of degeneration
 m - 4 potions of mutation
 n - 2 potions of lignification
 A - 5 potions of heal wounds
 C - 2 potions of attraction
 I - 5 potions of curing
 K - 3 potions of might
 M - 3 potions of cancellation
 N - a potion of berserk rage
 O - 2 potions of brilliance


   Skills:
 + Level 11.8(14.5) Fighting
 - Level 10.0(12.6) Short Blades
 + Level 5.0(6.8) Armour
 + Level 12.6(14.4) Dodging
 + Level 14.2(15.9) Stealth
 - Level 2.1(4.2) Spellcasting
 * Level 4.0(6.5) Hexes
 + Level 5.0(6.8) Summonings


You had 9 spell levels left.
You knew the following spells:

 Your Spells              Type           Power      Damage    Failure   Level
a - Summon Mana Viper     Hex/Summ       24%        N/A       30%         5
b - Summon Small Mammal   Summ           100%       N/A       1%          1
c - Call Imp              Summ           50%        N/A       1%          2
d - Call Canine Familiar  Summ           25%        N/A       3%          3

Your spell library contained the following spells:

 Spells                   Type           Power      Damage    Failure   Level
 Jinxbite                 Hex            48%        N/A       1%          2
 Summon Guardian Golem    Hex/Summ       24%        N/A       3%          3
 Ensorcelled Hibernation  Hex/Ice        26%        N/A       7%          2
 Inner Flame              Hex/Fire       13%        N/A       13%         3
 Apportation              Tloc           8%         N/A       14%         1
 Necrotise                Necr           16%        1d4       16%         1
 Sandblast                Erth           6%         2d5       17%         1
 Sublimation of Blood     Necr           4%         N/A       22%         2
 Passwall                 Tmut/Erth      2%         N/A       24%         2
 Anguish                  Hex/Necr       7%         N/A       38%         4
 Summon Ice Beast         Ice/Summ       14%        N/A       38%         4
 Summon Lightning Spire   Summ/Air       14%        N/A       38%         4
 Vampiric Draining        Necr           4%         2d6       41%         3
 Stone Arrow              Conj/Erth      6%         3d7       43%         3
 Yara's Violent Unravell  Hex/Tmut       7%         3d5       75%         5
 Brom's Barrelling Bould  Conj/Erth      3%         2d3       83%         4
 Petrify                  Tmut/Erth      3%         N/A       85%         4
 Agony                    Necr           4%         N/A       99%         5
 Alistair's Intoxication  Tmut/Pois      2%         N/A       99%         5
 Irradiate                Conj/Tmut      2%         3d12      99%         5
 Enfeeble                 Hex            12%        N/A       100%        7
 Monstrous Menagerie      Summ           12%        N/A       100%        7
 Orb of Destruction       Conj           2%         9d5       100%        7
 Spellforged Servitor     Conj/Summ      7%         N/A       100%        7


Dungeon Overview and Level Annotations

Branches:
Dungeon (12/15)            Temple (1/1) D:4            Lair (0/5) D:10
    Orc (0/2) D:12         Bailey (visited)

Altars:
Ashenzari
Cheibriados
Dithmenos
Elyvilon
Fedhas
Gozag
Hepliaklqana
Kikubaaqudgha
Makhleb
Nemelex Xobeh
Okawaru
Qazlal
Ru
Sif Muna
Trog
Uskayaw
Vehumet
Wu Jian
Xom
Yredelemnul
Zin

Shops:
D:5 [*   D:7 !   D:8 (*   D:11 !


Innate Abilities, Weirdness & Mutations

You are small and have problems with some larger weapons.
You are completely attuned to the shadows.


Message History

You climb upwards.
There is a stone staircase leading down here.
There is an open door here.
There is an open door here.
Things that are here:
a +0 cloak; a +0 short sword
There is an open door here.
There is a stone staircase leading up here.
You climb upwards.
There is a stone staircase leading down here.
There is a stone staircase leading up here.
You climb upwards.
There is a stone staircase leading down here.
Things that are here:
a +0 ring mail; a +0 whip You see here a +0 spear.
You see here a +0 flail.
You see here a +0 flail.
There is a stone staircase leading up here.
You climb upwards.
There is a stone staircase leading down here.
There is a stone staircase leading up here.
You climb upwards.
There is a stone staircase leading down here.
There is an open door here.
There is a stone staircase leading up here.
You climb upwards.
There is a stone staircase leading down here.
There is a stone staircase leading up here.
You climb upwards.
There is a stone staircase leading down here.
There is a stone staircase leading up here.
You climb upwards.
There is a stone staircase leading down here.
There is a stone staircase leading up here.
You climb upwards.
There is a stone staircase leading down here.
There is an open door here.
There is a staircase leading out of the dungeon here.
You have escaped!

.##..........####.#.#...#.>...###
.##..........##.....#.#...#......
....############.######...#...##.
....# **~~~~#'#~~~~##..#.#....
††..# *~~~~~#.#~~~~~#..#...#..
.†..#####*~~#~~#.#~~#~~#..#####..
........#*~~~~○#.#~~~~~#..## #..
'##.....##~~○☼~#.#☼~~~~#...## #.#
.##......#~~~~~#@#~○☼~~#.#..# #.#
.##......#~~~~~#.#~~~~~#.##.# #..
.#####...#~~#~~#.#~~#~~#..#.###..
...# #...#~~~~~#.#~~~~~##....##..
##.# #...#~~~~~#.#~~~~~*###..###.
##.# #...#*~~~§#'#~~~~** ##.# #.
'..# #...#**####.#*#########.###.
#### #...# ##....####..........#.
# #...# #[....##...†..........


There were no monsters in sight!

Vanquished Creatures
  5 two-headed ogres
  3 death yaks (D:10)
  2 boulder beetles
  Pikel (D:8)
  A deep elf pyromancer (D:11)
  An ugly thing (D:12)
  Maurice (D:9)
  An ice statue (D:12)
  4 gargoyles
  An efreet (D:10)
  A komodo dragon (D:12)
  A kobold demonologist (D:6)
  3 trolls
  5 shadows
  2 vampires
  A wyvern (D:10)
  2 wraiths (D:10)
  9 yaks
  2 steam dragons
  14 vampire mosquitoes
  3 wargs (D:6)
  2 acid dragons (D:10)
  A two-headed ogre zombie (D:12)
  Edmund (D:5)
  Duvessa (D:5)
  11 orc warriors
  3 black bears
  An ice beast (D:8)
  7 ogres (D:6)
  3 lemures (D:8)
  A centaur (D:12)
  A phantom (D:12)
  6 kobold brigands
  2 bullfrogs
  A scorpion (D:4)
  A troll zombie (D:12)
  4 howler monkeys
  7 hounds
  8 orc priests
  3 jellies
  4 gnoll boudas
  A sleepcap (D:6)
  27 orc wizards
  An iguana (D:5)
  6 ogre zombies (D:12)
  Robin (D:4)
  23 gnolls
  A river rat (D:10)
  7 adders
  2 shadow imps
  2 white imps (D:5)
  An ufetubus (D:5)
  A worm (D:3)
  4 dart slugs
  53 orcs
  3 ball pythons
  4 endoplasms
  17 goblins
  8 hobgoblins
  13 jackals
  7 quokkas
  5 bats
  3 frilled lizards
  2 goblin skeletons (D:12)
  2 goblin zombies (D:12)
  A hobgoblin zombie (D:12)
  20 kobolds
  3 orc skeletons (D:12)
  17 orc zombies (D:12)
  5 rats
371 creatures vanquished.

Vanquished Creatures (collateral kills)
  An ogre (D:5)
  A phantom (D:4)
  Dowan (D:5)
  3 hounds (D:6)
  A gnoll bouda (D:6)
  Jessica (D:2)
  An orc wizard (D:6)
  A hell rat (D:10)
  A gnoll (D:6)
  A giant cockroach (D:1)
  5 goblins
  A hobgoblin (D:4)
  2 jackals
  A kobold (D:1)
  A quokka (D:10)
  2 ball pythons
  4 frilled lizards (D:1)
  A rat (D:10)
29 creatures vanquished.

Vanquished Creatures (others)
  A wizard (D:8)
  An orc wizard (D:6)
2 creatures vanquished.

Grand Total: 402 creatures vanquished

Notes
Turn   | Place    | Note
-------+----------+-------------------------------------------
     0 | D:1      | D12ThenQuit the Kobold Summoner began the quest for the
                  | Orb.
     0 | D:1      | Reached XP level 1. HP: 10/10 MP: 3/3
   124 | D:1      | Reached skill level 1 in Fighting
   132 | D:1      | Reached XP level 2. HP: 16/16 MP: 3/5
   270 | D:1      | Reached skill level 1 in Short Blades
   279 | D:1      | Learned a level 2 spell: Call Imp
   454 | D:1      | Reached XP level 3. HP: 21/21 MP: 6/6
   912 | D:2      | Reached XP level 4. HP: 24/27 MP: 7/7
  1280 | D:2      | Noticed Jessica
  1284 | D:2      | Killed Jessica
  1379 | D:2      | Reached XP level 5. HP: 32/32 MP: 4/8
  2424 | D:3      | Found a sacrificial altar of Ru.
  2449 | D:3      | Found the +8 longbow "Zephyr" {speed, Dex+3 SInv}
  2872 | D:4      | Noticed a phantom
  2887 | D:4      | Killed a phantom
  2888 | D:4      | Reached skill level 5 in Short Blades
  2888 | D:4      | Reached XP level 6. HP: 30/38 MP: 6/9
  2968 | D:4      | Found a staircase to the Ecumenical Temple.
  3121 | Temple   | Entered the Ecumenical Temple
  3148 | Temple   | Became a worshipper of Ashenzari the Shackled
  3422 | D:4      | Found a burning altar of Makhleb.
  3493 | D:4      | Identified the +1 scale mail of Jeffymig {Int+3 Dex+3
                  | Stlth-}
  3494 | D:4      | Reached XP level 7. HP: 43/43 MP: 7/10
  3707 | D:4      | Found a hide-covered altar of Uskayaw.
  3883 | D:4      | Noticed Robin
  3923 | D:4      | Killed Robin
  4152 | D:5      | Entered Level 5 of the Dungeon
  4331 | D:5      | Noticed Edmund
  4446 | D:5      | Killed Edmund
  4447 | D:5      | Reached skill level 3 in Stealth
  4700 | D:5      | Found Mibewn's General Store.
  4705 | D:5      | Bought a potion of heal wounds for 50 gold pieces
  4718 | D:5      | Noticed Duvessa
  4720 | D:5      | Noticed Dowan
  4748 | D:5      | Killed Duvessa
  4794 | D:5      | Killed Dowan
  4795 | D:5      | Reached XP level 8. HP: 18/49 MP: 6/11
  4956 | D:5      | Reached skill level 5 in Dodging
  5015 | D:5      | Found Mamp's Antique Armour Boutique.
  5052 | D:5      | Reached skill level 4 in Stealth
  5195 | D:5      | Learned a level 3 spell: Call Canine Familiar
  5540 | D:5      | Reached skill level 5 in Fighting
  5831 | D:6      | Found a white marble altar of Elyvilon.
  6024 | D:5      | Reached * piety under Ashenzari
  6221 | D:6      | Reached skill level 5 in Stealth
  6235 | D:6      | Reached XP level 9. HP: 31/56 MP: 2/13
  6377 | D:6      | Reached skill level 6 in Stealth
  6647 | D:6      | Reached skill level 10 in Short Blades
  6757 | D:6      | Reached skill level 7 in Stealth
  7002 | D:6      | Reached XP level 10. HP: 50/64 MP: 12/14
  7027 | D:6      | Noticed a kobold demonologist
  7043 | D:6      | Killed a kobold demonologist
  7044 | D:6      | Reached skill level 8 in Stealth
  7249 | D:6      | Found an iron altar of Okawaru.
  7713 | D:6      | Reached skill level 9 in Stealth
  8178 | D:7      | Reached ** piety under Ashenzari
  8371 | D:7      | Found Bicsuiv's Distillery.
  9021 | D:8      | Noticed a two-headed ogre
  9044 | D:8      | Killed a two-headed ogre
  9045 | D:8      | Reached skill level 10 in Stealth
  9193 | D:8      | Found Igeorut's General Store.
  9482 | D:8      | Noticed Pikel
  9550 | D:8      | Killed Pikel
  9786 | D:8      | Found a stormy altar of Qazlal.
  9815 | D:8      | Reached XP level 11. HP: 73/73 MP: 16/16
  9878 | D:8      | Found Nigoas's Antique Weapon Shop.
 10048 | D:8      | Found a bloodstained altar of Trog.
 10051 | D:8      | Noticed a wizard
 10064 | D:8      | Killed a wizard
 10077 | D:8      | Reached *** piety under Ashenzari
 10145 | D:9      | Reached skill level 10 in Dodging
 10148 | D:9      | Reached skill level 11 in Stealth
 10202 | D:9      | Found a shadowy altar of Dithmenos.
 10203 | D:9      | Noticed a two-headed ogre
 10212 | D:9      | Killed a two-headed ogre
 10269 | D:9      | Found a flagged portal.
 10296 | Bailey   | Entered a bailey
 10456 | Bailey   | Noticed an orc knight
 10709 | Bailey   | Reached skill level 10 in Fighting
 10709 | Bailey   | Reached skill level 1 in Armour
 11455 | D:9      | Noticed Maurice
 11457 | D:9      | Killed Maurice
 11458 | D:9      | Reached skill level 12 in Stealth
 11598 | D:9      | Found a glowing silver altar of Zin.
 11648 | D:9      | Found an opulent altar of Gozag.
 11740 | D:8      | Bought a +5 ring of evasion for 468 gold pieces
 11741 | D:8      | Reached **** piety under Ashenzari
 11783 | D:10     | Entered Level 10 of the Dungeon
 12321 | D:10     | Noticed a death yak
 12321 | D:10     | Noticed a death yak
 12326 | D:10     | Found a staircase to the Lair.
 12328 | D:10     | Killed a death yak
 12332 | D:10     | Noticed a two-headed ogre
 12332 | D:10     | Noticed a death yak
 12340 | D:10     | Killed a two-headed ogre
 12362 | D:10     | Reached XP level 12. HP: 74/84 MP: 18/18
 12486 | D:10     | Upgraded the game from 0.31-a0-848-gaac375c287 to
                  | 0.31-a0-851-g7ff8af7976
 12643 | D:10     | Killed a death yak
 12663 | D:10     | Killed a death yak
 12664 | D:10     | Reached skill level 13 in Stealth
 12914 | D:11     | Identified the amulet "Kaij" {Faith Str+5}
 12991 | D:11     | Noticed a two-headed ogre
 12995 | D:11     | Killed a two-headed ogre
 13028 | D:11     | Noticed a boulder beetle
 13035 | D:11     | Killed a boulder beetle
 13112 | D:11     | Found Famnism's Distillery.
 13480 | D:12     | Noticed a two-headed ogre
 13501 | D:12     | Killed a two-headed ogre
 13502 | D:12     | Reached skill level 1 in Hexes
 14282 | D:12     | Found a staircase to the Orcish Mines.
 14375 | D:12     | Reached skill level 14 in Stealth
 14377 | D:12     | Reached XP level 13. HP: 91/91 MP: 19/19
 14917 | D:12     | Learned a level 5 spell: Summon Mana Viper
 15125 | D:12     | Found an ornate altar of the Wu Jian Council.
 15218 | D:12     | Reached skill level 5 in Armour
 15471 | D:12     | Reached skill level 5 in Summonings
 15819 | D:$      | Got out of the dungeon alive.

Illustrated notes

Levels and vault maps discovered:
D:1:      saegor_arrival_miasma, layout_basic, minmay_lizard_king
D:2:      layout_loops_corners, uniq_jessica
D:3:      layout_loops_ring, hangedman_ru_absence
D:4:      kennysheep_goblin_castle, layout_loops_ring,
          mainiacjoe_overflow_swirl, minmay_temple_entry_fiery
D:5:      layout_basic, serial_shops, kennysheep_little_box,
          nicolae_shop_rolling_square, dreamdust_princess_bridge, minivault_1,
          uniq_edmund, uniq_duvessa
D:6:      lemuel_castle_with_subvaults [lemuel_castle_interior_carwin_1],
          layout_loops_ring, elyvilon_altar_5, lemuel_crystal_altar
D:7:      minmay_flawed_box, layout_basic, serial_shops, shop
D:8:      layout_layer_cave, mainiacjoe_overflow_boulevard, trog_wizard,
          serial_shops, shop, shop_coins, st_stairs_8,
          hangedman_abyss_or_decor_stabs, kennysheep_generic_room_12, uniq_pikel
D:9:      layout_roguey, pdpol_temple_overflow_zin_treasury_gozag_greed,
          nicolae_dithmenos_through_a_glass_darkly,
          nicolae_tso_swordbearing_angel, enter_bailey_5, uniq_maurice
D:10:     layout_rooms, dpeg_lair_monsters
D:11:     nicolae_cairo_tiling_large_dashed, layout_cave_pools, serial_shops,
          nicolae_square_shop
D:12:     layout_loops_cross, zombieorc2_lemuel, minivault_16,
          nicolae_wu_jian_immortal_techniques
Temple:   chequers_temple_sunken

Skill      XL: |  1  2  3  4  5  6  7  8  9 10 11 12 13 |
---------------+----------------------------------------+-----
Fighting       | 1 2 3 4 5 7 9 10 11 | 11.8
Short Blades   | 1 2 3 5 7 9 10 | 10.0
Dodging        | 3 4 6 7 9 11 12 | 12.6
Stealth        | 3 5 7 10 12 14 | 14.2
Armour         | 2 4 5 |  5.0
Hexes          | 3 4 |  4.0
Summonings     | 5 |  5.0
Spellcasting   | |  2.1

Action                     |  1- 3 |  4- 6 |  7- 9 | 10-12 | 13-15 || total
---------------------------+-------+-------+-------+-------+-------++-------
  Melee: Short sword       |    54 |   120 |   460 |  1004 |   183 ||  1821
         Unarmed           |     1 |       |       |       |       ||     1
         Punch             |       |     1 |     9 |    18 |     2 ||    30
  Throw: Dart              |       |       |       |     3 |       ||     3
   Cast: Summon Small Mamm |    14 |     6 |    16 |     3 |       ||    39
         Call Imp          |     3 |     7 |    27 |     7 |       ||    44
         Call Canine Famil |       |       |     6 |    10 |       ||    16
         Summon Mana Viper |       |       |       |       |     2 ||     2
 Invoke: Curse Item        |       |       |     2 |     4 |       ||     6
  Evoke: Wand              |       |       |       |     1 |       ||     1
    Use: Potion            |       |     4 |     1 |     1 |       ||     6
   Stab: Sleeping          |     6 |    17 |     8 |    57 |     7 ||    95
         Distracted        |       |       |     2 |     7 |       ||     9
         Invisible         |       |       |       |     1 |       ||     1
 Armour: Robe              |    21 |    28 |   131 |   164 |    17 ||   361
         Skin              |       |    18 |    10 |       |       ||    28
  Dodge: Dodged            |    48 |    58 |   232 |   660 |    89 ||  1087

Table legend: (Time is in decaauts)
 A = Elapsed time spent in this place.
 B = Non-inter-level travel time spent in this place.
 C = Inter-level travel time spent in this place.
 D = Time resting spent in this place.
 E = Time spent auto-exploring this place.
 F = Levels seen in this place.
 G = Mean time per level.
                   A        B        C        D        E       F      G
               +--------+--------+--------+--------+--------+-----+--------+
         Total |  15021 |  14101 |    920 |   1931 |   7787 |  14 | 1072.9 |
       Dungeon |  14368 |  13448 |    920 |   1721 |   7787 |  12 | 1197.3 |
        Temple |     67 |     67 |      0 |      0 |      0 |   1 |   67.0 |
        Bailey |    585 |    585 |      0 |    210 |      0 |   1 |  585.0 |
               +--------+--------+--------+--------+--------+-----+--------+

Top non-repeatable levels by time:
     D:6: 1940 daAuts
    D:12: 1598 daAuts
     D:5: 1541 daAuts
     D:4: 1258 daAuts
     D:7: 1217 daAuts
     D:2: 1164 daAuts
     D:8: 1097 daAuts
    D:10: 1040 daAuts
     D:9: 972 daAuts
     D:1: 883 daAuts
    D:11: 865 daAuts
     D:3: 787 daAuts
  Bailey: 585 daAuts
  Temple: 67 daAuts
